 Dungeon Crawl Stone Soup version 0.17-a0-1711-gc5340a3 (webtiles) character file.

1848 urechis the Frost Mage (level 9, -1/57 HPs)
             Began as a Merfolk Ice Elementalist on Aug 22, 2015.
             Was a Priest of Yredelemnul.
             Slain by a gnoll
             ... wielding a +0 spear
              (11 damage)
             ... on level 7 of the Dungeon.
             The game lasted 00:19:15 (10368 turns).

urechis the Frost Mage (Merfolk Ice Elementalist)  Turns: 10368, Time: 00:19:15

Health: -1/57      AC:  2    Str: 12    XL:     9   Next: 12%
Magic:  16/20      EV:  8    Int: 17    God:    Yredelemnul [***...]
Gold:   414        SH:  0    Dex: 14    Spells: 5 memorised, 7 levels left

rFire  . . .     SeeInvis .     r - +2 spear (pierce)
rCold  . . .     Clarity  .     a - +0 robe
rNeg   . . .     SustAt   .     (no shield)
rPois  .         Gourm    .     (no helmet)
rElec  .         Spirit   .     (no cloak)
rCorr  .         Warding  .     (no gloves)
rMut   .         Stasis   .     (no boots)
MR     .....                    (no amulet)
Stlth  ++........               (no ring)
                                q - +3 ring of intelligence

@: lethally poisoned (-1 -> -2), not resistant to hostile enchantments,
unstealthy
A: change form in water, swift swim
a: Animate Dead, Recall Undead Slaves, Injury Mirror, Renounce Religion


You were on level 7 of the Dungeon.
You worshipped Yredelemnul.
Yredelemnul was most pleased with you.
You were not hungry.

You visited 1 branch of the dungeon, and saw 7 of its levels.

You collected 414 gold pieces.

Inventory:

Hand weapons
 k - a +1 trident of freezing
 r - a +2 spear of piercing (weapon)
Armour
 a - a +0 robe (worn)
Jewellery
 q - a +3 ring of intelligence (left hand)
Magical devices
 x - a wand of lightning (4)
Scrolls
 c - 3 scrolls of amnesia
 e - a scroll of fear
 i - 3 scrolls of enchant weapon
 l - a scroll of teleportation
 o - a scroll of identify
 t - a scroll of remove curse
Potions
 d - 2 potions of haste
 f - a potion of might
 h - a potion of flight
 j - a potion of invisibility
 n - a potion of brilliance
 s - a potion of lignification {unknown}
 w - 2 potions of curing
Comestibles
 p - 4 meat rations
 v - a bread ration


   Skills:
 - Level 2.6 Dodging
 - Level 2.1 Stealth
 + Level 7.8 Spellcasting
 - Level 0.7 Conjurations
 + Level 9.4 Ice Magic


You had 7 spell levels left.
You knew the following spells:

 Your Spells              Type           Power        Failure   Level  Hunger
a - Freeze                Ice            ####         1%          1    None
b - Ozocubu's Armour      Chrm/Ice       ###.....     6%          3    #......
c - Condensation Shield   Ice            #####.....   2%          4    ###....
d - Throw Icicle          Conj/Ice       ###.....     14%         4    ###....
e - Summon Ice Beast      Ice/Summ       ###.....     17%         4    ###....


Dungeon Overview and Level Annotations

Branches:
Dungeon (7/15)             Temple (0/1) D:4

Altars:
Gozag
Nemelex Xobeh
Yredelemnul
The Shining One
Beogh

Annotations:
D:5 Zebura's ghost, experienced FoFi
D:7 exclusion: hill giant


Message History

You freeze the killer bee.
You kill the killer bee!
Yredelemnul accepts your kill.
You feel sick.
The gnoll hits you from afar with a spear.
* * * LOW HITPOINT WARNING * * *
The gnoll hits you from afar with a halberd!
* * * LOW HITPOINT WARNING * * *
You feel sick.
You feel sick.
You feel sick.
You feel sick.
There is an open door here.
You feel sick.
You feel sick.
There is a stone staircase leading up here.
You feel sick.
The gnoll hits you from afar with a spear!
You die...
Your body rises from the dead as a mindless zombie.

#.....#..........#
#.....#..........#
#.....+..........#
+.....###+##.....#
##+#.....#...##.....#
...#.....g(.>.......#
...#.....#g..####+###
...#...g.#...##.....#
...+...g.#...##.@...#
##'#g....#...##.....#
...g.....+...gg.....#
.........#..........#
....##'###...##.....#
....#........##.....#
....'...............#
....#...............#
....#...............#


You could see 2 gnolls.

Vanquished Creatures
  A hungry ghost (D:7)
  2 sky beasts
  2 centaurs
  A crocodile (D:6)
  A gnoll sergeant (D:5)
  A giant frog (D:6)
  A killer bee (D:7)
  2 scorpions
  A crimson imp (D:4)
  A gnoll shaman (D:7)
  An orc priest (D:6)
  A jelly (D:5)
  7 hounds
  9 orc wizards
  4 worker ants
  A hound skeleton (D:6)
  4 gnolls
  10 adders
  A shadow imp (D:5)
  An ooze (D:5)
  3 adder skeletons
  2 worms
  4 giant geckos
  33 orcs
  5 bats
  10 giant cockroaches
  9 hobgoblins
  8 jackals
  12 kobolds
  2 quokkas (D:6)
  A ball python (D:4)
  A ball python skeleton (D:4)
  A giant gecko skeleton (D:5)
  6 giant newts
  6 goblins
  2 quokka skeletons (D:4)
  A quokka zombie (D:5)
  7 rats
  A spectral orc (D:2)
166 creatures vanquished.

Vanquished Creatures (others)
  An orc (D:6)
  An orc skeleton (D:6)
  3 orc zombies (D:6)
5 creatures vanquished.

Grand Total: 171 creatures vanquished

Notes
Turn   | Place    | Note
--------------------------------------------------------------
     0 | D:1      | urechis the Merfolk Ice Elementalist began the quest for the Orb.
     0 | D:1      | Reached XP level 1. HP: 13/13 MP: 3/3
   393 | D:1      | Reached XP level 2. HP: 11/19 MP: 3/5
  1238 | D:2      | Reached XP level 3. HP: 24/24 MP: 7/7
  1372 | D:2      | Found a sparkling altar of Nemelex Xobeh.
  1624 | D:2      | Found a glowing golden altar of the Shining One.
  1640 | D:2      | Reached skill level 4 in Ice Magic
  2121 | D:2      | Found a basalt altar of Yredelemnul.
  2134 | D:2      | Became a worshipper of Yredelemnul the Dark
  2530 | D:3      | Reached XP level 4. HP: 30/30 MP: 8/8
  2667 | D:3      | Learned a level 3 spell: Ozocubu's Armour
  2672 | D:3      | Learned a level 4 spell: Condensation Shield
  3248 | D:3      | Acquired Yredelemnul's first power
  3713 | D:4      | Reached XP level 5. HP: 30/35 MP: 6/10
  3718 | D:4      | Reached skill level 5 in Ice Magic
  4294 | D:4      | Found a staircase to the Ecumenical Temple.
  4337 | D:4      | Reached XP level 6. HP: 15/41 MP: 3/12
  5156 | D:4      | Reached skill level 6 in Ice Magic
  5522 | D:5      | Entered Level 5 of the Dungeon
  5862 | D:5      | Reached skill level 5 in Spellcasting
  5862 | D:5      | Reached XP level 7. HP: 11/46 MP: 10/14
  6511 | D:5      | Reached skill level 7 in Ice Magic
  6514 | D:5      | Acquired Yredelemnul's second power
  6549 | D:5      | Noticed Zebura's ghost (experienced FoFi)
  6672 | D:5      | HP: 2/46 [poisoned by a worker ant]
  6679 | D:5      | HP: 1/46 [poisoned by a worker ant]
  7182 | D:5      | Reached XP level 8. HP: 12/52 MP: 9/16
  8430 | D:6      | Reached skill level 8 in Ice Magic
  8670 | D:6      | Found a runed door.
  9778 | D:6      | Reached skill level 9 in Ice Magic
  9851 | D:6      | Found a roughly hewn altar of Beogh.
  9853 | D:6      | Acquired Yredelemnul's third power
 10021 | D:6      | Learned a level 4 spell: Throw Icicle
 10026 | D:6      | Learned a level 4 spell: Summon Ice Beast
 10149 | D:7      | Reached XP level 9. HP: 40/57 MP: 20/20
 10254 | D:7      | Found an opulent altar of Gozag.
 10281 | D:7      | Noticed a hill giant
 10368 | D:7      | Slain by a gnoll

Vault maps used:
D:1:      onia_arrival_mini_spirals, minmay_misc_feat_ornament,
          hangedman_decor_push
D:2:      grunt_temple_overflow_open, yredelemnul_forgotten_temple_becter,
          nicolae_overflow_hidden_temple
D:3:      grunt_ministairs_10, hangedman_decor_clover_reticule,
          lemuel_another_geyser
D:4:      minmay_temple_entry_large_hall, first_bread, minmay_misc_feat_alley
D:5:      nicolae_ossuary_entry_false_entrances
D:6:      lightli_church_of_beogh
D:7:      nicolae_gozag_cash_rules_everything_around_me, kennysheep_little_box,
          serial_shops, nicolae_shop_trees, uniq_pikel

Action                   |  1- 3 |  4- 6 |  7- 9 || total
-------------------------+-------+-------+-------++-------
Melee: Unarmed           |     7 |       |       ||     7
       Club              |    22 |       |       ||    22
       Spear             |    74 |   153 |   126 ||   353
       Trident           |       |       |    15 ||    15
 Cast: Freeze            |    35 |    74 |   142 ||   251
       Ozocubu's Armour  |       |       |     4 ||     4
       Condensation Shie |       |       |     2 ||     2
Invok: Animate Remains   |       |       |     5 ||     5
       Animate Dead      |       |       |     1 ||     1
  Use: Scroll            |       |     8 |     8 ||    16
       Potion            |       |     1 |     2 ||     3
 Stab: Sleeping          |     5 |     8 |     9 ||    22
       Distracted        |     1 |       |     2 ||     3
  Eat: Bread ration      |     1 |       |     2 ||     3
       Chunk             |       |    11 |    10 ||    21
       Fruit             |       |       |     4 ||     4
       Pizza             |       |       |     1 ||     1
